 Dungeon Crawl Stone Soup version 0.25.1-2-g60ff931 (webtiles) character file.

Game seed: 9904767090249538670

242 Gadfly the Grave Robber (level 5, -4/28 HPs)
             Began as a Deep Elf Necromancer on Aug 3, 2020.
             Killed from afar by a white imp (9 damage)
             ... with a puff of frost
             ... summoned by Natasha
             ... on level 2 of the Dungeon.
             The game lasted 00:07:22 (4336 turns).

Gadfly the Grave Robber (Deep Elf Necromancer)      Turns: 4336, Time: 00:07:22

Health: -4/28      AC:  3    Str:  5    XL:     5   Next: 82%
Magic:  0/14       EV: 14    Int: 21    God:
Gold:   34         SH:  0    Dex: 15    Spells: 1/14 levels left

rFire    + . .     SeeInvis .   a - +2 long sword (vorpal)
rCold    . . .     Gourm    .   (no shield)
rNeg     . . .     Faith    .   q - +0 robe
rPois    .         Spirit   +   (no helmet)
rElec    .         Reflect  .   (no cloak)
rCorr    .         Harm     .   h - +0 pair of gloves
MR       +....                  (no boots)
Stlth    ++........             f - amulet of guardian spirit
HPRegen  0.09/turn              d - ring of protection from magic
MPRegen  0.14/turn              o - ring of protection from fire

@: very slightly contaminated, invisible
A: no striking features
a: no special abilities


You were on level 2 of the Dungeon.
You were very hungry.

You visited 1 branch of the dungeon, and saw 3 of its levels.
You also visited: Sewer.

You collected 34 gold pieces.

Inventory:

Hand Weapons
 a - a +2 vorpal long sword (weapon)
Armour
 h - a +0 pair of gloves (worn)
 q - a +0 robe (worn)
Jewellery
 d - a ring of protection from magic (left hand)
 f - an amulet of guardian spirit (around neck)
 o - a ring of protection from fire (right hand)
Scrolls
 g - 3 scrolls of teleportation
 k - a scroll of remove curse
Potions
 j - a potion of mutation {unknown}
 l - a potion of curing {unknown}
 n - a potion of haste {unknown}
 p - a potion of resistance {unknown}
Comestibles
 c - 6 rations


   Skills:
 + Level 0.5 Fighting
 * Level 4.2 Dodging
 - Level 2.4 Stealth
 * Level 5.4 Spellcasting
 * Level 6.4 Necromancy


You had one spell level left.
You knew the following spells:

 Your Spells              Type           Power        Failure   Level  Hunger
a - Pain                  Necr           ####         1%          1    None
b - Vampiric Draining     Necr           ####......   2%          3    ##.....
c - Animate Dead          Necr           N/A          8%          4    ####...
d - Agony                 Necr           ####....     21%         5    #####..

Your spell library contained the following spells:

 Spells                   Type           Power        Failure   Level  Hunger
 Animate Skeleton         Necr           N/A          1%          1    None


Dungeon Overview and Level Annotations

Branches:
Dungeon (3/15)              Sewer (visited)

Altars:
Nemelex Xobeh
Uskayaw

Annotations:
D:2 Natasha


Message History

Aim: Natasha (heavily wounded, chance to defeat MR: 84%) Natasha writhes in agony!
The white imp gestures at you. The puff of frost hits you.
* * * LOW HITPOINT WARNING * * *
Natasha completely misses you.
Casting: Pain (safe; 1% risk of failure)
Confirm with . or Enter, or press ? or * to list all spells.
You don't have enough magic to cast that spell.
Unknown command.
Casting: Pain (safe; 1% risk of failure)
Confirm with . or Enter, or press ? or * to list all spells.
You don't have enough magic to cast that spell.
It was a potion of invisibility.
You fade into invisibility!
The white imp closely misses you.
Natasha casts a spell.
The white imp gestures at Natasha.
The puff of frost hits you!
You die...

#.#.# #[# #.# #.###.## #.#.#
#.###.#####.###.# #.#.#
#...........#...# #.#.#
####..#####.#.### #.#.# #### #.##
#.#.# #.#.# #..# #.# #)#.######
##.#.#####..## #.# ###.#.......
.............####.####.#.#.######
#.##.####..#.55.@.....#..#.#
#.##.# #.....h............#
#.##.# ##########..###.#.###
#.##.# #..........># #..<.#
#.##.# #.#########.# #.(..#
#.##.###.#########.# ##...#
#..................# #####
####.....########### #######


You could see Natasha, a white imp (summoned) and a shadow imp (summoned).

Vanquished Creatures
  Natasha (twice) (D:2)
  12 adders
  2 oozes (D:1)
  A worm (D:2)
  2 dart slugs
  2 leopard geckos
  2 orcs (D:3)
  8 giant cockroaches
  5 goblins
  3 hobgoblins
  3 jackals (D:3)
  7 kobolds
  2 quokkas
  2 ball pythons
  8 bats
  8 frilled lizards
  8 rats
77 creatures vanquished.

Vanquished Creatures (collateral kills)
  A ball python (Sewer)
  A frilled lizard (Sewer)
2 creatures vanquished.

Grand Total: 79 creatures vanquished

Notes
Turn   | Place    | Note
-------+----------+-------------------------------------------
     0 | D:1      | Gadfly the Deep Elf Necromancer began the quest for the
                  | Orb.
     0 | D:1      | Reached XP level 1. HP: 10/10 MP: 6/6
    85 | D:1      | Reached skill level 5 in Necromancy
   274 | D:1      | Reached XP level 2. HP: 15/15 MP: 6/8
  1243 | D:1      | Reached XP level 3. HP: 19/19 MP: 8/10
  1248 | D:1      | Learned a level 3 spell: Vampiric Draining
  1865 | D:2      | Found a sparkling altar of Nemelex Xobeh.
  1996 | D:2      | Noticed Natasha
  2008 | D:2      | Killed Natasha
  2008 | D:2      | Reached XP level 4. HP: 14/24 MP: 4/12
  2304 | D:2      | Found a hide-covered altar of Uskayaw.
  2654 | D:2      | Reached skill level 6 in Necromancy
  2656 | D:2      | Reached XP level 5. HP: 25/28 MP: 9/14
  2662 | D:2      | Learned a level 4 spell: Animate Dead
  2668 | D:2      | Learned a level 5 spell: Agony
  2854 | D:2      | Noticed Natasha
  2866 | D:2      | Killed Natasha
  2866 | D:2      | Reached skill level 5 in Spellcasting
  3442 | D:3      | Found a glowing drain.
  3446 | Sewer    | Entered a sewer
  4321 | D:2      | Noticed Natasha
  4336 | D:2      | Killed from afar by a white imp

Illustrated notes

Levels and vault maps discovered:
D:1:      evilmike_arrival_crescent, layout_rooms, dk_noncrumbling_2
D:2:      layout_loops_ring, nemelex_xobeh_ov_fountains_minmay,
          old_standard_altar, kennysheep_generic_room_3, uniq_natasha
D:3:      layout_basic, serial_co_window_serial, co_window_cross_1,
          co_window_corner_a, co_window_corner_a, co_window_paths_b,
          co_window_paths_a, co_window_paths_a, co_window_paths_a,
          co_window_of_opportunity_a, co_window_paths_a,
          co_window_unsneaky_path_a, co_window_broadway_b, co_window_broadway_a,
          gup_sewer_entry_bowl

Skill      XL: |  1  2  3  4  5 |
---------------+----------------+-----
Necromancy     | 5 6 |  6.4
Dodging        | 3 4 |  4.2
Spellcasting   | 4 5 |  5.4
Fighting       | |  0.5
Stealth        | |  2.4

Action                   |  1- 3 |  4- 6 || total
-------------------------+-------+-------++-------
Melee: Dagger            |    49 |     2 ||    51
       Long sword        |       |   122 ||   122
 Cast: Pain              |    46 |    28 ||    74
       Vampiric Draining |     1 |     4 ||     5
       Animate Dead      |       |     5 ||     5
  Use: Scroll            |     1 |     3 ||     4
       Potion            |       |     1 ||     1
 Stab: Sleeping          |     2 |     4 ||     6
       Distracted        |       |     1 ||     1
  Eat: Chunk             |     3 |     8 ||    11
Armor: Robe              |    19 |    44 ||    63
Dodge: Dodged            |    54 |   172 ||   226
       Rpst.: Long sword |       |    46 ||    46
